Map: Moondance

Players

Rhizer

  • Race: Protoss Protoss
  • Spawn Location: 6:00

PappiJoe - Winner!

  • Race: Protoss Protoss
  • Spawn Location: 12:00

Event: DreamHack SC2 Masters 2022 Atlanta (Offline)

VOD

Have the link to the VOD?

Description

Time

  • Played on: Nov. 18, 2022, 10:12 a.m.
  • Length: 7:55

All games in this series

Show
View Real Time Build Order
Export as new Build Order

Rhizer Protoss 

Build Orders:  

Get SALT Encoding   

  12  0:00  Probe  
  13  0:12  Probe  
  14  0:18  Pylon  
  14  0:24  Probe (Chrono Boost)  
  15  0:36  Probe (Chrono Boost)  
  15  0:37  Gateway  
  16  0:45  Probe (Chrono Boost)  
  16  0:46  Assimilator  
  17  0:51  Probe  
  17  0:55  Assimilator  
  18  1:03  Probe (Chrono Boost)  
  19  1:08  Gateway  
  19  1:15  Probe (Chrono Boost)  
  20  1:22  Probe (Chrono Boost)  
  20  1:24  Cybernetics Core  
  21  1:29  Probe  
  22  1:35  Pylon  
  22  1:41  Probe  
  23  1:53  Probe  
  24  2:00  Stalker  
  28  2:01  Sentry  
  28  2:05  Probe  
  29  2:08  Warp Gate (Chrono Boost)  
  29  2:11  Pylon  
  29  2:18  Probe  
  30  2:29  Stalker  
  32  2:30  Stalker  
  32  2:34  Probe  
  35  2:38  Pylon  
  35  3:00  Nexus  
  35  3:06  Shield Battery  
  35  3:11  Shield Battery  
  36  3:13  Sentry  
  36  3:20  Gateway  
  36  3:23  Sentry  
  38  3:27  Shield Battery  
  38  3:29  Probe  
  39  3:40  Shield Battery  
  39  3:48  Probe  
  40  3:52  Sentry  
  42  3:58  Stalker  
  42  4:01  Pylon  
  44  4:07  Shield Battery  
  44  4:17  Probe, Stalker  
  43  4:18  Stalker  
  47  4:28  Stalker  
  47  4:29  Probe  
  48  4:47  Adept x2  
  52  4:55  Stalker  
  54  5:07  Stalker x2  
  54  5:10  Probe  
  59  5:19  Stalker  
  59  5:21  Probe  
  62  5:23  Probe  
  59  5:32  Stalker x2  
  59  5:33  Probe  
  60  5:36  Probe  
  61  5:43  Gateway  
  61  5:46  Zealot  
  61  5:49  Twilight Council  
  57  6:05  Zealot x2  
  57  6:06  Probe  
  57  6:09  Probe  
  63  6:14  Stalker, Pylon  
  65  6:19  Shield Battery  
  65  6:26  Sentry  
  65  6:29  Adept  
  65  6:32  Pylon  
  71  6:35  Pylon  
  71  6:37  Adept  
  71  6:41  Stalker  
  71  6:46  Probe  
  74  6:47  Assimilator  
  74  6:53  Stalker  
  70  7:05  Probe  
  71  7:08  Adept x3  
  71  7:10  Pylon  
  71  7:13  Shield Battery  
  75  7:18  Probe  
  75  7:19  Probe  
  75  7:22  Adept  
  59  7:30  Probe, Stalker x3  
  59  7:43  Zealot  
Show
View Real Time Build Order
Export as new Build Order

PappiJoe Protoss - Winner!

Build Orders:  

Get SALT Encoding   

  12  0:00  Probe  
  13  0:12  Probe  
  14  0:17  Pylon  
  14  0:24  Probe  
  15  0:37  Probe (Chrono Boost), Gateway  
  16  0:47  Probe (Chrono Boost)  
  16  0:48  Assimilator  
  17  0:52  Probe (Chrono Boost)  
  18  1:03  Probe  
  19  1:04  Assimilator  
  19  1:15  Probe (Chrono Boost)  
  19  1:17  Gateway  
  20  1:25  Cybernetics Core  
  21  1:27  Probe (Chrono Boost)  
  21  1:32  Probe (Chrono Boost)  
  22  1:40  Pylon  
  22  1:41  Probe  
  23  2:01  Robotics Facility  
  23  2:08  Stalker  
  25  2:10  Stalker  
  27  2:19  Warp Gate  
  27  2:24  Pylon  
  27  2:38  Stalker  
  31  2:49  Immortal (Chrono Boost)  
  32  3:00  Stalker  
  34  3:08  Gateway  
  34  3:18  Warp Prism (Chrono Boost)  
  34  3:25  Pylon  
  36  3:43  Pylon  
  36  3:46  Pylon  
  36  3:47  Shield Battery  
  36  4:00  Immortal (Chrono Boost)  
  40  4:32  Sentry x2, Stalker  
  40  4:37  Immortal, Pylon  
  50  5:14  Adept, Sentry  
  50  5:15  Adept  
  50  5:16  Immortal (Chrono Boost)  
  50  5:19  Pylon  
  56  5:37  Stalker x2  
  60  5:56  Pylon  
  60  6:07  Warp Prism (Chrono Boost)  
  60  6:11  Adept, Sentry  
  60  6:12  Adept  
  66  6:33  Adept x2  
  66  6:34  Adept  
  72  6:45  Pylon  
  72  6:47  Pylon  
  68  7:03  Immortal  
  70  7:26  Adept x3  
Tags
 
Add a new tag
Caveats
  • Supply blocks, unpowered buildings, or Contaminate may cause inaccurate times.
  • Supply counts are checked every 10 seconds.